 Dungeon Crawl Stone Soup version 0.20-a0-1117-g62da73f (webtiles) character file.

12168 grindst0ne the Grappler (level 11, 0/113 HPs)
             Began as a Troll Monk on May 9, 2017.
             Was a High Priest of Makhleb.
             Slain by a six-headed hydra (11 damage)
             ... on level 2 of the Lair of Beasts.
             The game lasted 00:51:09 (11874 turns).

grindst0ne the Grappler (Troll Monk)               Turns: 11874, Time: 00:51:09

Health: 0/113      AC: 13    Str: 21    XL:     11   Next: 58%
Magic:  13/13      EV: 11    Int:  6    God:    Makhleb [*****.]
Gold:   411        SH:  0    Dex: 17    Spells: 10/10 levels left

rFire    . . .     SeeInvis .     - Unarmed
rCold    + + .     Gourm    +   (no shield)
rNeg     + . .     Faith    .   y - +3 robe of Fouxizaq {rN+}
rPois    .         Spirit   .   (helmet restricted)
rElec    .         Reflect  .   (no cloak)
rCorr    +         Harm     .   (gloves unavailable)
MR       .....                  (boots unavailable)
Stlth    ++........             (no amulet)
Regen    0.7/turn               G - +5 ring of protection
MPRegen  0.2/turn               F - ring of resist corrosion

@: no status effects
A: unfitting armour, claws 3, thin skeletal structure 1, cold resistance 2, fast
metabolism 3, gourmand, regeneration 1, shaggy fur 1, tough skin 2
a: Minor Destruction, Lesser Servant of Makhleb, Major Destruction, Greater
Servant of Makhleb, Renounce Religion


You were on level 2 of the Lair of Beasts.
You worshipped Makhleb.
Makhleb was extremely pleased with you.
You were very full.

You visited 3 branches of the dungeon, and saw 12 of its levels.
You also visited: Ossuary.

You collected 761 gold pieces.
You spent 350 gold pieces at shops.

Inventory:

Missiles
 g - 3 large rocks (quivered)
 q - 51 poisoned needles
 w - 201 stones
Armour
 a - a +1 robe
 y - the +3 robe of Fouxizaq (worn) {rN+}
   (You found it on level 8 of the Dungeon)

   It protects you from negative energy.
Jewellery
 k - an uncursed ring of protection from cold
 s - an uncursed ring of positive energy
 F - a ring of resist corrosion (right claw)
 G - a +5 ring of protection (left claw)
Wands
 h - a wand of lightning (15/15)
 A - a wand of flame (18/48)
 B - a wand of flame (21/48)
 E - a wand of iceblast (8/15)
 I - a wand of random effects (40/48)
Scrolls
 f - 2 scrolls of enchant weapon
 i - 5 scrolls of teleportation
 l - 2 scrolls of fear
 n - 4 scrolls of remove curse
 C - 2 scrolls of fog
Potions
 e - 3 potions of flight
 m - 3 potions of curing
 o - 2 potions of heal wounds
 r - 2 potions of invisibility
 t - 3 potions of lignification
 u - 3 potions of brilliance
 v - 4 potions of agility
 x - a potion of berserk rage
 z - 2 potions of ambrosia
 H - a potion of magic {unknown}
 J - a potion of degeneration {unknown}
Books
 p - a book of Cantrips

   Spells                             Type                      Level
   a - Confusing Touch                Hexes                        1
   b - Animate Skeleton               Necromancy                   1
   c - Summon Small Mammal            Summoning                    1
   d - Apportation                    Translocation                1
Comestibles
 b - 8 bread rations
 c - 6 meat rations
 d - 10 fruits
 j - 7 royal jellies


   Skills:
 + Level 8.4 Fighting
 - Level 7.7 Throwing
 - Level 4.4 Armour
 - Level 2.4 Dodging
 - Level 1.2 Stealth
 + Level 10.3 Unarmed Combat
 * Level 4.3 Invocations
 * Level 4.1 Evocations


You had 10 spell levels left.
You didn't know any spells.

Dungeon Overview and Level Annotations

Branches:
Dungeon (8/15)             Temple (1/1) D:4            Lair (3/6) D:8
 Spider (0/4) Lair:3
  Swamp: Lair:2-4    Shoals: Lair:2-4

Altars:
Ashenzari
Cheibriados
Dithmenos
Elyvilon
Fedhas
Gozag
Kikubaaqudgha
Makhleb
Okawaru
Qazlal
Ru
Sif Muna
Trog
Uskayaw
Vehumet
Wu Jian
Xom
Yredelemnul
Zin

Shops:
D:6 !   D:8 :

Annotations:
Lair:1 exclusion: oklob plant


Innate Abilities, Weirdness & Mutations

You are too large for most types of armour.
You have claws for hands.
Your metabolism is lightning-fast.
You like to eat raw meat.
Your natural rate of healing is unusually fast.
You are covered in fur. (AC +1)
You have very tough skin. (AC +2)
You have a somewhat thin skeletal structure. (Dex +2, Stealth)
Your flesh is very cold resistant. (rC++)


Message History

There is a stone staircase leading up, spattered with blood here.
You can't go down here!
(D) Dungeon (T) Temple (L) Lair (N) Spider Nest
Where to? (Enter - Lair:3, ? - help)
There are monsters nearby!
The jumping spider leaps!
The bullfrog barely misses you.
The six-headed hydra bites you. x2; The six-headed hydra bites you!
The six-headed hydra closely misses you.
The six-headed hydra bites you. The six-headed hydra bites you!
You climb upwards.
There is a stone staircase leading down here.
A demon appears!
The bullfrog hits you. The six-headed hydra bites you!!
The six-headed hydra bites you!
* * * LOW HITPOINT WARNING * * *
The six-headed hydra bites you!
* * * LOW HITPOINT WARNING * * *
The six-headed hydra barely misses you. The six-headed hydra bites you.
* * * LOW HITPOINT WARNING * * *
The six-headed hydra bites you!
You die...

#.......# #...#
##......## #...#
#........#### #####
##.......##.#
#...#.#....######
##.#####.....##.###
##### #..#
###......#.###...##
#..#
##..#....F.##.....#
P..#
##....#...@.4......#
#.##
#....#####.D......##
..# #....#
###......# ..#
##.>..# #.......##
..# ##.....#
##.......# .##
#.....## #.......###
.#####.....#
#.......#.#
..P#P....###
###........##
..###P...#
#.......#.##


You could see a six-headed hydra, a bullfrog and a friendly orange demon.

Vanquished Creatures
  2 two-headed ogres
  A black mamba (Lair:2)
  A gargoyle (D:6)
  A komodo dragon (Lair:1)
  A polar bear (Lair:2)
  A jumping spider (Lair:2)
  A hippogriff (Lair:1)
  A human (D:7)
  Eustachio (D:5)
  4 hogs (D:7)
  7 yaks
  The ghost of esteth the Changer, an amateur OpTm (D:4)
  3 water moccasins (Lair:1)
  7 porcupines
  2 ice beasts
  A swamp drake (Lair:1)
  5 black bears
  3 necrophages (D:8)
  3 centaurs
  3 phantoms
  An orc warrior (D:6)
  9 wolves
  4 ogres
  6 crocodiles
  11 bullfrogs
  2 scorpions
  7 electric eels (D:8)
  4 wights (D:6)
  10 crimson imps (D:8)
  A quasit (D:8)
  2 hounds
  4 jellies
  3 orc priests
  3 bullfrog skeletons
  8 orc wizards
  A centaur skeleton (D:7)
  Crazy Yiuf (D:5)
  Jessica (D:2)
  2 iguanas (D:5)
  3 worker ants
  7 big kobold zombies (Ossuary)
  A mummy (Ossuary)
  3 worker ant zombies
  9 adders
  2 river rats (Lair:1)
  2 worms (D:3)
  4 dart slugs
  3 leopard geckos
  13 orcs
  2 spectral bats (Ossuary)
  3 bats (D:1)
  3 giant cockroaches
  5 gnoll zombies (Ossuary)
  3 hobgoblins
  7 jackals
  3 quokkas
  A ball python (D:1)
  A bat simulacrum (Ossuary)
  7 frilled lizards
  A giant cockroach zombie (D:5)
  3 goblins
  6 goblin simulacra (Ossuary)
  3 goblin zombies (Ossuary)
  5 hobgoblin zombies (Ossuary)
  3 kobolds
  3 kobold simulacra (Ossuary)
  4 kobold zombies (Ossuary)
  A leopard gecko skeleton (D:6)
  6 orc zombies (Ossuary)
  2 quokka zombies
  5 rats
  2 rat simulacra (Ossuary)
  5 spectral goblins (Ossuary)
  2 spectral kobolds (Ossuary)
  2 spectral rats (Ossuary)
264 creatures vanquished.

Vanquished Creatures (collateral kills)
  A hydra (Lair:2)
  A spiny frog (Lair:2)
  A porcupine (D:8)
  A wolf (Lair:1)
  A crocodile (D:8)
  2 crimson imps (D:8)
7 creatures vanquished.

Vanquished Creatures (others)
  An orc (D:8)
  2 bushes (D:8)
  A fungus (D:8)
  12 plants (D:8)
16 creatures vanquished.

Grand Total: 287 creatures vanquished

Notes
Turn   | Place    | Note
-------+----------+-------------------------------------------
     0 | D:1      | grindst0ne the Troll Monk began the quest for the Orb.
     0 | D:1      | Reached XP level 1. HP: 22/22 MP: 0/0
   201 | D:1      | Reached XP level 2. HP: 29/29 MP: 1/1
   638 | D:2      | Noticed Jessica
   643 | D:2      | Killed Jessica
   643 | D:2      | Reached XP level 3. HP: 36/37 MP: 2/2
   674 | D:2      | Reached skill level 4 in Unarmed Combat
   927 | D:2      | Reached XP level 4. HP: 45/45 MP: 3/3
  1748 | D:3      | You fall through a shaft for 2 floors!
  1748 | D:5      | Entered Level 5 of the Dungeon
  1749 | D:5      | Noticed a black bear
  1760 | D:5      | Killed a black bear
  1760 | D:5      | Reached skill level 5 in Unarmed Combat
  1760 | D:5      | Reached XP level 5. HP: 17/54 MP: 4/4
  1965 | D:5      | Noticed Eustachio
  1979 | D:5      | Killed Eustachio
  1979 | D:5      | Reached XP level 6. HP: 57/62 MP: 5/5
  2045 | D:5      | Reached skill level 6 in Unarmed Combat
  2170 | D:5      | Noticed an ice beast
  2182 | D:5      | Killed an ice beast
  2182 | D:5      | Reached XP level 7. HP: 24/71 MP: 6/6
  2264 | D:5      | Gained mutation: You possess an exceptional clarity of mind. [potion of mutation]
  2264 | D:5      | Gained mutation: You are occasionally teleported next to monsters. [potion of mutation]
  2264 | D:5      | Gained mutation: You evolve. [potion of mutation]
  2314 | D:5      | Reached skill level 5 in Fighting
  2512 | D:4      | Reached skill level 1 in Throwing
  2555 | D:4      | Found a staircase to the Ecumenical Temple.
  2710 | D:4      | Noticed esteth's ghost (amateur OpTm)
  2721 | D:4      | Killed esteth's ghost
  2721 | D:4      | Reached skill level 7 in Unarmed Combat
  2721 | D:4      | Reached XP level 8. HP: 72/81 MP: 7/7
  3090 | Temple   | Entered the Ecumenical Temple
  3452 | Temple   | Became a worshipper of Makhleb the Destroyer
  3452 | Temple   | Reached * piety under Makhleb
  3452 | Temple   | Reached ** piety under Makhleb
  3816 | D:4      | Gained mutation: Your spells are a little harder to cast, but a little more powerful. [evolution]
  4072 | D:5      | Found a white marble altar of Elyvilon.
  4320 | D:5      | Found a runed door.
  4324 | D:5      | Noticed Crazy Yiuf
  4326 | D:5      | Killed Crazy Yiuf
  4816 | D:6      | Noticed a gargoyle
  4830 | D:6      | Killed a gargoyle
  4830 | D:6      | Reached skill level 5 in Throwing
  4913 | D:6      | Reached XP level 9. HP: 50/89 MP: 8/8
  5069 | D:6      | Found Zaji's Distillery.
  5075 | D:6      | Bought a potion of lignification for 30 gold pieces
  5075 | D:6      | Bought a potion of berserk rage for 50 gold pieces
  5075 | D:6      | Bought a potion of ambrosia for 80 gold pieces
  5075 | D:6      | Bought a potion of lignification for 30 gold pieces
  5075 | D:6      | Bought a potion of mutation for 80 gold pieces
  5075 | D:6      | Bought a potion of ambrosia for 80 gold pieces
  5075 | D:6      | Lost mutation: You are occasionally teleported next to monsters. [potion of mutation]
  5075 | D:6      | Lost mutation: Your spells are a little harder to cast, but a little more powerful. [potion of mutation]
  5075 | D:6      | Lost mutation: You possess an exceptional clarity of mind. [potion of mutation]
  5075 | D:6      | Lost mutation: You evolve. [potion of mutation]
  5075 | D:6      | Gained mutation: You have a somewhat thin skeletal structure. (Dex +2, Stealth) [potion of mutation]
  5075 | D:6      | Gained mutation: Your flesh is cold resistant. (rC+) [potion of mutation]
  5075 | D:6      | Gained mutation: Your flesh is very cold resistant. (rC++) [potion of mutation]
  5228 | D:6      | Noticed a two-headed ogre
  5236 | D:6      | Killed a two-headed ogre
  5236 | D:6      | Reached skill level 8 in Unarmed Combat
  6097 | D:7      | HP: 2/93 [hog (9)]
  6349 | D:7      | Reached skill level 9 in Unarmed Combat
  6349 | D:7      | Reached XP level 10. HP: 98/102 MP: 9/9
  6764 | D:8      | Reached skill level 1 in Armour
  6813 | D:8      | Found an opulent altar of Gozag.
  6908 | D:8      | Got an ancient robe
  6920 | D:8      | Identified the +3 robe of Fouxizaq {rN+} (You found it on level 8 of the Dungeon)
  6928 | D:8      | Found a glowing silver altar of Zin.
  6928 | D:8      | Noticed an angel
  7016 | D:8      | Found an iron altar of Okawaru.
  7039 | D:8      | Reached *** piety under Makhleb
  7301 | D:8      | Found a staircase to the Lair.
  7316 | D:8      | Found a snail-covered altar of Cheibriados.
  7373 | D:8      | Noticed a two-headed ogre
  7379 | D:8      | Killed a two-headed ogre
  7420 | D:8      | Found a sand-covered staircase.
  7430 | Ossuary  | Entered an ossuary
  7609 | Ossuary  | Reached **** piety under Makhleb
  8402 | D:8      | HP: 5/104 [electric eel/bolt of electricity (7)]
  8808 | D:8      | Reached skill level 1 in Evocations
  8885 | D:8      | Found a deep blue altar of Sif Muna.
  9013 | D:8      | Found Nonarhil's Book Boutique.
  9029 | D:8      | Reached skill level 1 in Invocations
  9242 | D:8      | Found a blossoming altar of Fedhas.
  9383 | Lair:1   | Entered Level 1 of the Lair of Beasts
  9469 | Lair:1   | Reached ***** piety under Makhleb
  9553 | Lair:1   | Reached skill level 10 in Unarmed Combat
  9553 | Lair:1   | Reached XP level 11. HP: 58/110 MP: 11/11
 10289 | Lair:1   | Noticed an oklob plant
 11115 | Lair:2   | Noticed an eight-headed hydra
 11138 | Lair:2   | Killed an eight-headed hydra
 11863 | Lair:3   | Found a hole to the Spider Nest.
 11863 | Lair:3   | Noticed a six-headed hydra
 11874 | Lair:2   | Slain by a six-headed hydra

Vault maps used:
D:1:      shiori_arrival_maze
D:2:      uniq_jessica
D:4:      temple_pool_b, grunt_decor_arrowhead, hangedman_abyss_or_decor_passed,
          st_stairs_9, minmay_a_box_with_orc_wizards_in_it
D:5:      lemuel_coloured_pillars_altar, first_bread, uniq_eustachio,
          uniq_crazy_yiuf_cottage
D:6:      minmay_cornered_nines, serial_shops, shop
D:7:      grunt_livestock
D:8:      okawaru_trees_1, kennysheep_mini, zin_angel, led_sif_pool,
          grunt_gozag_breadcrumbs, fedhas_altar_decomposition,
          minmay_lair_entry_grove, nicolae_ossuary_entry_plus, serial_shops,
          shop, serial_bayou, serial_bayou_lagoon_a, serial_bayou_crossing,
          serial_bayou_pond_d, serial_bayou_lake_a, minivault_25,
          minmay_nine_imps
Temple:   minmay_temple_forest_path
Lair:1:   bh_autumn_forest_stairs, pond, minmay_lair_oklob_chamber,
          lemuel_fruit_tree
Lair:3:   shoals_dummy_entry, spider_nest_entry_a, forest_entry_grove
Ossuary:  ossuary_zaba_two_paths

Skill      XL: |  1  2  3  4  5  6  7  8  9 10 11 |
---------------+----------------------------------+-----
Fighting       | 3 4 5 6 7 8 |  8.4
Unarmed Combat | 4 5 6 7 9 10 | 10.3
Throwing       | 2 5 7 |  7.7
Armour         | 4 |  4.4
Evocations     | 2 4 |  4.1
Invocations    | 1 4 |  4.3
Dodging        | |  2.4
Stealth        | |  1.2

Action                   |  1- 3 |  4- 6 |  7- 9 | 10-12 || total
-------------------------+-------+-------+-------+-------++-------
Melee: Unarmed           |    56 |    85 |   195 |   479 ||   815
       Punch             |     1 |     3 |     7 |    33 ||    44
Throw: Large rock        |       |       |     1 |     6 ||     7
Invok: Lesser Servant of |       |       |       |     4 ||     4
  Use: Scroll            |       |     6 |    10 |     5 ||    21
       Potion            |       |       |     5 |     5 ||    10
 Stab: Sleeping          |     1 |     4 |     3 |     6 ||    14
       Distracted        |       |       |     1 |     2 ||     3
  Eat: Chunk             |    14 |    11 |    38 |    50 ||   113
Armor: Robe              |    12 |    19 |    30 |   151 ||   212
       Skin              |       |       |     2 |    53 ||    55
Dodge: Dodged            |    22 |    28 |    60 |   235 ||   345
